 Dungeon Crawl Stone Soup version 0.28.0-53-g5a82cb258f (webtiles) character file.

Game seed: 2851913704354132805

27 veles2001 the Grave Robber (level 2, 0/20 HPs)
             Began as a Vampire Necromancer on June 10, 2022.
             Slain by a gnoll
             ... wielding a +0 spear
              (4 damage)
             ... on level 2 of the Dungeon.
             The game lasted 00:04:53 (1172 turns).

veles2001 the Grave Robber (Vampire Necromancer)    Turns: 1172, Time: 00:04:53

Health: 0/20       AC:  2    Str:  7    XL:     2   Next: 93%
Magic:  5/5        EV: 12    Int: 17    God:
Gold:   28         SH:  0    Dex: 14    Spells: 4/5 levels left

rFire   . . .      SeeInvis +   b - +0 short sword
rCold   . . .      Faith    .   (no shield)
rNeg    . . .      Spirit   .   a - +0 robe
rPois   .          Reflect  .   (no helmet)
rElec   .          Harm     .   (no cloak)
rCorr   .          Rampage  .   (no gloves)
Will    .....                   (no boots)
Stlth   ++........              (no amulet)
HPRegen 0.26/turn               (no ring)
MPRegen 0.09/turn               (no ring)

@: healing quickly
A: alive, fangs 3, see invisible, vampiric 1
a: Exsanguinate


You were on level 2 of the Dungeon.
You visited 1 branch of the dungeon, and saw 2 of its levels.

You collected 28 gold pieces.

Inventory:

Hand Weapons
 b - a +0 short sword (weapon)
Armour
 a - a +0 robe (worn)
Scrolls
 g - a scroll of identify {unknown}
 h - 2 scrolls of teleportation {unknown}
Potions
 c - a potion of curing
 d - a potion of berserk rage {unknown}
 e - a potion of ambrosia {unknown}
 f - 2 potions of might


   Skills:
 * Level 0.6 Fighting
 - Level 0.4 Short Blades
 - Level 2.4 Dodging
 + Level 3.5 Stealth
 + Level 2.0 Spellcasting
 - Level 4.9 Necromancy


You had 4 spell levels left.
You knew the following spells:

 Your Spells              Type           Power      Damage    Failure   Level
a - Pain                  Necr           72%        1d7       2%          1

Your spell library contained the following spells:

 Spells                   Type           Power      Damage    Failure   Level
 Animate Skeleton         Necr           36%        N/A       2%          1
 Vampiric Draining        Necr           18%        2d7       8%          3
 Magic Dart               Conj           4%         1d3       19%         1
 Animate Dead             Necr           9%         N/A       26%         4
 Call Imp                 Summ           1%         N/A       28%         2
 Mephitic Cloud           Conj/Pois/Air  1%         N/A       50%         3
 Agony                    Necr           18%        N/A       56%         5


Dungeon Overview and Level Annotations

Branches:
Dungeon (2/15)

Altars:


Innate Abilities, Weirdness & Mutations

Your natural rate of healing is accelerated.
You have razor-sharp teeth.
You have supernaturally acute eyesight. (SInv)
You are afflicted with vampirism.


Message History

The quokka bites you.
You miss the quokka. The bat hits you but does no damage. x2
The quokka twitches its whiskers.
The quokka bites you.
You closely miss the quokka. Your bite misses the quokka.
The bat hits you but does no damage. The bat hits you. x2
The quokka closely misses you.
You closely miss the quokka. The quokka closely misses you.
The quokka bites you.
You hit the quokka.
The quokka is severely wounded.
The quokka bites you. The quokka bites you.
The bat hits you but does no damage. The bat closely misses you.
The bat hits you. The bat hits you.
* * * LOW HITPOINT WARNING * * *
The bat hits you but does no damage. The bat hits you.
* * * LOW HITPOINT WARNING * * *
The bat barely misses you. The bat barely misses you.
The bat hits you but does no damage. The bat closely misses you.
The bat completely misses you.
The gnoll shouts!
The bat misses you. The bat hits you but does no damage.
The adder barely misses you. The bat barely misses you. The bat hits you.
The gnoll hits you with a +0 club.
* * * LOW HITPOINT WARNING * * *
The bat barely misses you. The bat barely misses you.
The gnoll shouts!
You hit the gnoll but do no damage. The bat closely misses you.
The bat hits you.
* * * LOW HITPOINT WARNING * * *
The gnoll hits you with a +0 spear.
You die...

#.....# ##########
#.....#####........# #####..
..#................####...#.
......# #............+....
......# #............#...#
.<....# #............#...#
..#g#.# #.....########...# ###
###.#.####.....########...#####..
#g#.....>....g@bSr.............
###g#........######......########
......##.....#...................
......#....#.#.##........#######.
......#..#.#.#.##..#.♣.### #..g.
......####.#.#.##..#♣.♣# ......
###'#......#.#.##..#♣.♣ ......
#.....##........♣.#♣.. ......
#.....##........♣♣#♣♣.♣ ......


You could see a gnoll, an adder, a quokka and a bat.

Vanquished Creatures
  A worm (D:2)
  3 endoplasms
  A giant cockroach (D:1)
  2 hobgoblins
  A quokka (D:1)
  3 ball pythons
  6 bats
  3 frilled lizards (D:1)
  2 kobolds (D:1)
  3 rats (D:1)
25 creatures vanquished.

Notes
Turn   | Place    | Note
-------+----------+-------------------------------------------
     0 | D:1      | veles2001 the Vampire Necromancer began the quest for the
                  | Orb.
     0 | D:1      | Reached XP level 1. HP: 13/13 MP: 3/3
   184 | D:1      | Reached XP level 2. HP: 18/19 MP: 5/5
  1172 | D:2      | Slain by a gnoll

Illustrated notes

Levels and vault maps discovered:
D:1:      nicolae_arrival_somewhat_less_tricky_arrival, layout_loops_ring
D:2:      layout_basic, shapermc_ecumenical_altar_totnotflames,
          hangedman_decor_lopped

Action                   || total
-------------------------++-------
Melee: Short sword       ||    94
       Unarmed           ||    12
       Bite              ||     5
 Abil: Exsanguinate      ||     1
  Use: Potion            ||     3
 Stab: Sleeping          ||     6
       Distracted        ||     1
Armor: Robe              ||    25
Dodge: Dodged            ||    69
